 Dungeon Crawl Stone Soup version 0.14.0-17-gc0b17a5 (webtiles) character file.

4787 yahmik the Slicer (level 10, -3/66 HPs)
             Began as a Halfling Fighter on Apr 18, 2014.
             Was a Believer of the Shining One.
             Slain by an orc knight
             ... wielding a +0,+2 battleaxe
              (18 damage)
             ... on Level 9 of the Dungeon.
             The game lasted 00:51:57 (10581 turns).

yahmik the Slicer (Halfling Fighter)               Turns: 10581, Time: 00:51:57

HP  -3/66        AC 15     Str 16      XL: 10   Next: 60%
MP   8/10        EV  5     Int  8      God: the Shining One [**....]
Gold 433         SH 34     Dex 17      Spells:  0 memorised,  9 levels left

rFire  . . .     SeeInvis .     m - +1,+3 short sword (speed)
rCold  . . .     Clarity  .     f - +0 plate armour
rNeg   + + +     Conserve .     e - +0 shield
rPois  .         rCorr    .     (no helmet)
rElec  .         rRot     .     (no cloak)
SustAb . .       Spirit   .     j - +0 pair of gloves
rMut   .         Warding  +     s - +0 pair of boots
Saprov . . .     Stasis   .     b - amulet of warding
MR     .....                    (no ring)
                                o - ring of positive energy

@: glowing, not resistant to hostile enchantments, extremely unstealthy
A: mutation resistance 1, slow metabolism 1
a: Divine Shield, Renounce Religion


You were on level 9 of the Dungeon.
You worshipped the Shining One.
The Shining One was pleased with you.
You were not hungry.

You visited 2 branches of the dungeon, and saw 11 of its levels.
You also visited: Sewer.

You collected 433 gold pieces.

Inventory:

Hand weapons
 m - a +1,+3 short sword of speed (weapon)
Armour
 e - a +0 shield (worn)
 f - a +0 plate armour (worn)
 j - a +0 pair of gloves (worn)
 s - a +0 pair of boots (worn)
Magical devices
 c - a wand of random effects (12)
Comestibles
 d - 5 bread rations
 r - a meat ration
Scrolls
 a - a scroll of teleportation
 g - a scroll of recharging
 h - 2 scrolls of amnesia
 i - a scroll of magic mapping
 k - 2 scrolls of fog
 n - 4 scrolls of remove curse
 q - 2 scrolls of blinking
 t - 3 scrolls of identify
 u - a scroll of fear
Jewellery
 b - an amulet of warding (around neck)
 o - a ring of positive energy (left hand)
Potions
 l - a potion of haste
 p - a potion of curing
 w - a potion of magic


   Skills:
 + Level 5.5 Fighting
 * Level 12.6 Short Blades
 + Level 5.8 Armour
 + Level 4.5 Dodging
 + Level 7.6 Shields


You had 9 spell levels left.
You didn't know any spells.

Dungeon Overview and Level Annotations

Branches:
Dungeon (10/15)            Temple (1/1) D:5            Lair (0/8) D:9
    Orc: D:9-12

Altars:
Ashenzari
Fedhas
Makhleb
Nemelex Xobeh
Okawaru
Sif Muna
Trog
Vehumet
Yredelemnul
Zin
The Shining One


Innate Abilities, Weirdness & Mutations

You are small and have problems with some larger weapons.
You are somewhat resistant to further mutation.
You have a slow metabolism.


Message History

The orc knight is severely wounded.
The orc knight hits you with a battleaxe!
* * * LOW HITPOINT WARNING * * *
You hit the orc knight.
The orc knight is severely wounded.
You hit the orc knight but do no damage.
The orc knight is severely wounded.
You hit the orc knight.
The orc knight is severely wounded.
You hit the orc knight but do no damage.
The orc knight is severely wounded.
You block the orc knight's attack.
Your plate armour prevents you from hitting the orc knight.
The orc knight is severely wounded.
You hit the orc knight.
The orc knight is severely wounded.
You hit the orc knight but do no damage.
The orc knight is severely wounded.
The orc knight hits you with a battleaxe!
You die...

######## ####### ###......#
########### #...... .........#
###.........# #......
.##......###.'.........####......
###......##))#..o......'.##.....(
# #......##)##..@......#.##......
# #......##)##.........#.##......
# #......##(##.........#..#......
#......##)##.........##.'......
#.........##.........####......
#......############### #....<.
#####.### #...... #<..# #......
###.# ####'##


You could see an orc knight.

Vanquished Creatures
  Pikel (D:4)
  A hydra zombie (D:9)
  An iguana (D:4)
  4 sky beasts
  3 orc warriors
  2 ogres (D:5)
  3 slaves (D:4)
  2 centaurs (D:8)
  A crocodile (D:6)
  A big kobold (D:9)
  7 giant frogs
  A gnoll sergeant (D:6)
  8 wights (D:8)
  2 goliath beetles
  4 hounds
  An orc priest (D:9)
  2 jellies
  3 crimson imps
  5 orc wizards
  2 gnoll shamans (D:6)
  10 worker ants
  A hound skeleton (D:5)
  37 gnolls (D:6)
  7 green rats (Sewer)
  3 shadow imps
  21 adders
  9 worms
  The ghost of nooodl the Charlatan, a weakling FoAr (D:4)
  The ghost of nooodl the Charlatan, a weakling FoAr (D:9)
  4 giant geckos
  4 oozes
  14 orcs
  14 ball pythons
  A bat zombie (D:6)
  22 goblins
  10 hobgoblins
  4 quokkas
  8 bats
  8 giant cockroaches
  5 giant newts
  A hobgoblin zombie (D:6)
  23 jackals
  20 kobolds
  A kobold skeleton (D:4)
  An orc skeleton (D:9)
  34 rats
  A rat skeleton (D:4)
319 creatures vanquished.

Vanquished Creatures (others)
  A slave (D:4)
  A worker ant (D:4)
  A kobold skeleton (D:4)
3 creatures vanquished.

Grand Total: 322 creatures vanquished

Notes
Turn   | Place    | Note
--------------------------------------------------------------
     0 | D:1      | yahmik, the Halfling Fighter, began the quest for the Orb.
     0 | D:1      | Reached XP level 1. HP: 15/15 MP: 1/1
   231 | D:1      | Reached XP level 2. HP: 20/20 MP: 2/2
   551 | D:2      | Reached XP level 3. HP: 23/25 MP: 3/3
   822 | D:2      | Reached XP level 4. HP: 22/31 MP: 4/4
   920 | D:2      | Reached skill level 4 in Short Blades
  1365 | D:3      | Reached XP level 5. HP: 34/36 MP: 5/5
  1409 | D:3      | Found a glowing drain.
  1482 | Sewer    | Entered a sewer
  1877 | Sewer    | Paralysed by a potion of paralysis for 6 turns
  2211 | Sewer    | Reached XP level 6. HP: 33/42 MP: 6/6
  2228 | Sewer    | Reached skill level 5 in Short Blades
  2446 | Sewer    | Reached skill level 1 in Dodging
  2815 | Sewer    | Reached XP level 7. HP: 7/46 MP: 7/7
  3156 | D:3      | Reached skill level 6 in Short Blades
  3862 | D:4      | Noticed Pikel
  3908 | D:4      | Killed Pikel
  3908 | D:4      | Reached skill level 7 in Short Blades
  3908 | D:4      | Reached skill level 5 in Shields
  3908 | D:4      | Reached XP level 8. HP: 21/54 MP: 8/8
  3928 | D:4      | Reached skill level 8 in Short Blades
  4223 | D:4      | Noticed nooodl's ghost (weakling FoAr)
  4236 | D:4      | Killed nooodl's ghost
  4822 | D:5      | Entered Level 5 of the Dungeon
  4946 | D:5      | Reached skill level 9 in Short Blades
  4988 | D:5      | Reached XP level 9. HP: 28/59 MP: 9/9
  5103 | D:5      | Found a staircase to the Ecumenical Temple.
  5112 | Temple   | Entered the Ecumenical Temple
  5133 | Temple   | Became a worshipper of the Shining One
  6417 | D:6      | Reached skill level 10 in Short Blades
  7209 | D:6      | Reached skill level 5 in Armour
  7569 | D:6      | Acquired the Shining One's first power
  7677 | D:6      | Reached skill level 11 in Short Blades
  8056 | D:7      | Reached skill level 5 in Fighting
  8213 | D:7      | Reached XP level 10. HP: 64/66 MP: 10/10
  9398 | D:8      | Reached skill level 12 in Short Blades
  9416 | D:8      | Found a blossoming altar of Fedhas.
  9927 | D:9      | Noticed nooodl's ghost (weakling FoAr)
  9943 | D:9      | Killed nooodl's ghost
  9996 | D:9      | Acquired the Shining One's second power
 10057 | D:9      | Found a staircase to the Lair.
 10359 | D:9      | Found a radiant altar of Vehumet.
 10366 | D:9      | Found a glowing silver altar of Zin.
 10458 | D:10     | Entered Level 10 of the Dungeon
 10467 | D:10     | Noticed an orc knight
 10480 | D:10     | Noticed an orc knight
 10581 | D:9      | Slain by an orc knight

Action                   |  1- 3 |  4- 6 |  7- 9 | 10-12 || total
-------------------------+-------+-------+-------+-------++-------
Melee: Cutlass           |   125 |   474 |    36 |       ||   635
       Short sword       |       |       |   915 |   505 ||  1420
Invok: Divine Shield     |       |       |       |     2 ||     2
Evoke: Wand              |       |       |     1 |     2 ||     3
  Use: Scroll            |     3 |     2 |    10 |     6 ||    21
       Potion            |     1 |     8 |    13 |     5 ||    27
